 Dungeon Crawl Stone Soup version 0.31-a0-675-g238779eb0a (webtiles) character file.

Game seed: 15907614190252352258

51 KittenThatBark the Conjurer (level 3, -5/19 HPs)
             Began as a Tengu Conjurer on Sept 5, 2023.
             Killed from afar by an orc wizard (7 damage)
             ... with a puff of flame
             ... on level 4 of the Dungeon.
             The game lasted 00:06:51 (789 turns).

KittenThatBark the Conjurer (Tengu Conjurer)         Turns: 789, Time: 00:06:51

Health: -5/19      AC:  2    Str:  7    XL:     3   Next: 83%
Magic:  2/7        EV: 12    Int: 20    God:
Gold:   79         SH:  0    Dex: 12    Spells: 5/6 levels left

rFire   . . .        (no weapon)
rCold   . . .        (no shield)
rNeg    . . .        a - +0 robe
rPois   .            (helmet restricted)
rElec   .            (no cloak)
rCorr   .            (no gloves)
SInv    .            (boots unavailable)
Will    .....        (no amulet)
Stlth   ++           e - ring of flight
HPRegen 0.23/turn    (no ring)
MPRegen 0.10/turn

%: acrobat
@: mighty, attractive, flying, hasted, very quick
A: beak, talons 3, acrobatic
a: no special abilities


You were on level 4 of the Dungeon.
You visited 1 branch of the dungeon, and saw 4 of its levels.

You collected 79 gold pieces.

Inventory:

Armour
 a - a +0 robe (worn)
Jewellery
 e - a ring of flight (left hand)
Wands
 j - a wand of paralysis (5)
Potions
 b - a potion of magic
 d - 2 potions of curing {unknown}
 h - a potion of haste
 i - a potion of lignification {unknown}
 k - a potion of attraction


   Skills:
 + Level 2.6 Dodging
 + Level 2.1 Stealth
 + Level 2.1 Spellcasting
 + Level 6.6 Conjurations


You had 5 spell levels left.
You knew the following spells:

 Your Spells              Type           Power      Damage    Failure   Level
a - Magic Dart            Conj           100%       1d8       1%          1

Your spell library contained the following spells:

 Spells                   Type           Power      Damage    Failure   Level
 Searing Ray              Conj           56%        2d6       1%          2
 Dazzling Flash           Conj/Hex       30%        N/A       12%         3
 Fulminant Prism          Conj/Hex       7%         3d7       36%         4
 Iskenderun's Mystic Bla  Conj/Tloc      15%        2d5       36%         4


Dungeon Overview and Level Annotations

Branches:
Dungeon (4/15)
 Temple: D:4-7

Altars:
Kikubaaqudgha

Shops:
D:1 (![


Innate Abilities, Weirdness & Mutations

You have a beak for a mouth.
You have claws for feet.
You can magically evade attacks while moving or waiting.


Message History

The orc hits you with a +0 short sword.
Aiming: Magic Dart (safe; 1% risk of failure)
Press: ? - help, Q - select action, (/) - cycle Shift-Dir - straight line, f/p - orc
Aim: an orc, wielding a +0 short sword (lightly wounded, 100% to hit)
The magic dart hits the orc!
You kill the orc!
Aiming: Magic Dart (safe; 1% risk of failure)
Press: ? - help, Q - select action, (/) - cycle Shift-Dir - straight line, f - orc
Aim: an orc, wielding a +0 whip (100% to hit)
The magic dart hits the orc.
The orc is heavily wounded.
The orc hits you with a +0 whip.
It was a potion of might.
You feel very mighty all of a sudden. The orc closely misses you.
You barely miss the orc.
The orc is heavily wounded.
The orc hits you with a +0 whip.
You hit the orc.
You kill the orc!
You closely miss something. Something completely misses you.
You barely miss something. Your kick misses something.
You hear some strange, mumbled words.
Something tries to affect you, but you resist.
Aiming: Magic Dart (safe; 1% risk of failure)
Press: ? - help, Q - select action, (/) - cycle Shift-Dir - straight line The magic dart hits something.
Something hits you.
Aiming: Magic Dart (safe; 1% risk of failure)
Press: ? - help, Q - select action, (/) - cycle Shift-Dir - straight line The magic dart hits something but does no damage.
You hear some strange, mumbled words.
A puff of flame appears from out of thin air!
The puff of flame hits you.
* * * LOW HITPOINT WARNING * * *
It was a potion of haste.
You feel yourself speed up.
You hear some strange, mumbled words.
A puff of flame appears from out of thin air!
The puff of flame hits you!
You die...

,,,,*,*,,*,,,,,,,,#.#
,,,.#.#......#.#..#.####
,,,..........#.#..#.####
,,,,.....#.#.#.#..#.####
,,,,.....#.#.#.#..#.####
***,#.#.##.#.#.####.####
##*,#.#........####.####
....#.#.###########.####
...............{@.#.####
......#.#########.#.####
......#[#########.#.####
.o....#.#########.#.####
..o...#.#########.#.####
####....#########.#.####
**,..h.....######.#.####
**,..h.....######.#.####
**,,,,,,,,,* #.#.#


There were no monsters in sight!

Vanquished Creatures
  3 adders (D:2)
  3 orcs (D:4)
  2 bats (D:1)
  3 endoplasms
  A goblin (D:2)
  2 hobgoblins (D:1)
  2 kobolds (D:1)
  A ball python (D:1)
  4 frilled lizards
  3 rats
24 creatures vanquished.

Vanquished Creatures (others)
  A human (D:3)
1 creature vanquished.

Grand Total: 25 creatures vanquished

Notes
Turn   | Place    | Note
-------+----------+-------------------------------------------
     0 | D:1      | KittenThatBark the Tengu Conjurer began the quest for the
                  | Orb.
     0 | D:1      | Reached XP level 1. HP: 10/10 MP: 4/4
    60 | D:1      | Found Irichats's Weapon Shoppe.
   267 | D:1      | Found Cobottai's Distillery.
   297 | D:1      | Found Oqiahi's Armour Boutique.
   303 | D:1      | Reached XP level 2. HP: 15/15 MP: 4/6
   417 | D:1      | Reached skill level 6 in Conjurations
   497 | D:2      | Reached XP level 3. HP: 16/19 MP: 4/7
   599 | D:3      | Found an ancient bone altar of Kikubaaqudgha.
   603 | D:3      | Noticed a human
   605 | D:3      | Killed a human
   789 | D:4      | Killed from afar by an orc wizard

Illustrated notes

Levels and vault maps discovered:
D:1:      dpeg_arrival_renting, layout_loops_ring, serial_shops,
          nicolae_shop_window_shopping, shop, nicolae_shop_behind_doors,
          nicolae_shop_industrial_runoff, minmay_pentomino_u2
D:2:      layout_loops_cross, serial_shops, shop, minivault_27
D:3:      layout_basic, tgw_kikubaaqudgha, ebering_ghost_inner_flame,
          portal_sewer_entry_d, uniq_terence
D:4:      layout_basic, hangedman_decor_opposing

Skill      XL: |  1  2 |
---------------+-------+-----
Conjurations   | 6 |  6.6
Dodging        | |  2.6
Stealth        | |  2.1
Spellcasting   | |  2.1

Action                     || total
---------------------------++-------
  Melee: Unarmed           ||    16
         Peck              ||     2
         Kick              ||     2
   Cast: Magic Dart        ||    39
    Use: Potion            ||     4
         Scroll            ||     2
 Armour: Robe              ||    12
  Dodge: Dodged            ||    22

Table legend: (Time is in decaauts)
 A = Elapsed time spent in this place.
 B = Non-inter-level travel time spent in this place.
 C = Inter-level travel time spent in this place.
 D = Time resting spent in this place.
 E = Time spent auto-exploring this place.
 F = Levels seen in this place.
 G = Mean time per level.
                   A        B        C        D        E       F      G
               +--------+--------+--------+--------+--------+-----+--------+
         Total |    789 |    789 |      0 |      0 |      0 |   4 |  197.2 |
       Dungeon |    789 |    789 |      0 |      0 |      0 |   4 |  197.2 |
               +--------+--------+--------+--------+--------+-----+--------+

Top non-repeatable levels by time:
     D:1: 436 daAuts
     D:4: 145 daAuts
     D:3: 111 daAuts
     D:2: 95 daAuts
